 Dungeon Crawl Stone Soup version 0.17.1-3-g152610e (webtiles) character file.

463 DanteCalvez the Magician (level 6, -15/32 HPs)
             Began as a Deep Elf Wizard on Apr 20, 2016.
             Demolished by a hill giant
             ... wielding a +0 giant spiked club
              (31 damage)
             ... on level 6 of the Dungeon.
             The game lasted 00:07:55 (3748 turns).

DanteCalvez the Magician (Deep Elf Wizard)          Turns: 3748, Time: 00:07:55

Health: -15/32     AC:  5    Str:  6    XL:     6   Next: 79%
Magic:  0/18       EV: 12    Int: 23    God:
Gold:   149        SH:  0    Dex: 13    Spells: 6 memorised, 6 levels left

rFire  . . .     SeeInvis .     e - +0 short sword
rCold  . . .     Clarity  .     s - +1 leather armour {MR+}
rNeg   . . .     SustAt   .     (no shield)
rPois  .         Gourm    .     i - +0 helmet
rElec  .         Spirit   .     (no cloak)
rCorr  .         Warding  .     (no gloves)
rMut   .         Stasis   .     (no boots)
MR     +....                    (no amulet)
Stlth  ++........               (no ring)
                                (no ring)

@: repel missiles, somewhat resistant to hostile enchantments, unstealthy
A: no striking features
a: no special abilities


You were on level 6 of the Dungeon.
You were not hungry.

You visited 1 branch of the dungeon, and saw 6 of its levels.

You collected 149 gold pieces.


   Skills:
 - Level 2.4 Dodging
 - Level 2.4 Stealth
 - Level 7.0 Spellcasting
 + Level 4.6 Conjurations
 + Level 3.1 Summonings
 + Level 2.9 Translocations


You had 6 spell levels left.
You knew the following spells:

 Your Spells              Type           Power        Failure   Level  Hunger
a - Call Imp              Summ           ###.....     8%          2    None
b - Blink                 Tloc           N/A          8%          2    None
d - Mephitic Cloud        Conj/Pois/Air  ###.....     21%         3    None
q - Conjure Flame         Conj/Fire      ###.....     14%         3    None
r - Repel Missiles        Chrm/Air       #.....       21%         2    None
s - Magic Dart            Conj           ####         1%          1    None

Inventory:

Hand Weapons
 e - a +0 short sword (weapon)
Armour
 i - a +0 helmet (worn)
 s - a +1 leather armour of magic resistance (worn)
Jewellery
 l - an uncursed amulet of stasis
Scrolls
 g - 4 scrolls of remove curse
 h - 2 scrolls of identify {unknown}
 j - a scroll of vulnerability {unknown}
 m - a scroll of magic mapping {unknown}
 n - a scroll of enchant weapon {unknown}
 p - a scroll of fear {unknown}
 r - a scroll of fog {unknown}
Potions
 a - a potion of brilliance {unknown}
 k - a potion of resistance {unknown}
 o - a potion of agility {unknown}
 q - a potion of haste {unknown}
Books
 c - a book of Minor Magic

   Spells                             Type                      Level
   a - Magic Dart                     Conjuration                  1
   b - Blink                          Translocation                2
   c - Call Imp                       Summoning                    2
   d - Repel Missiles                 Charms/Air                   2
   e - Slow                           Hexes                        2
   f - Conjure Flame                  Conjuration/Fire             3
   g - Mephitic Cloud                 Conjuration/Poison/Air       3
Comestibles
 b - a royal jelly
 d - 5 bread rations
 f - 2 beef jerkies

Dungeon Overview and Level Annotations

Branches:
Dungeon (6/15)
 Temple: D:4-7

Altars:
Gozag

### #.# #.. #.# #.#.#
## #C#.# .. #####
#e#.##. #...# #.#...
#...# #.#..# #
#####...###.#..#.#
##........##.#..#.#.#.
#...<........)........
#....####.##.#..#.#..
#....# #.......#
#....# ####.##.#


You could see a hill giant.


Message History

The hill giant is engulfed in noxious fumes.
The hill giant appears confused.
The hill giant screams, "I'll kill you anyway!"
Aiming: Magic Dart
Aim: a hill giant, wielding a giant spiked club (noxious fumes, moderately wounded, confused)
The magic dart hits the hill giant.
The hill giant is moderately wounded.
The hill giant is engulfed in noxious fumes.
You hit the hill giant but do no damage.
The hill giant is heavily wounded.
Aiming: Magic Dart
Aim: a hill giant, wielding a giant spiked club (heavily wounded, confused)
The magic dart hits the hill giant.
The hill giant is heavily wounded.
You don't have enough magic to cast that spell.
The hill giant chortles and stares into space.
You hit the hill giant.
The hill giant is heavily wounded.
The hill giant seems less confused.
The hill giant hits you with a giant spiked club!
Ouch! That really hurt!
You hit the hill giant.
The hill giant is heavily wounded.
Aiming: Magic Dart
Aim: a hill giant, wielding a giant spiked club (heavily wounded)
The magic dart hits the hill giant.
The hill giant is heavily wounded.
The hill giant hits you with a giant spiked club!!
Ouch! That really hurt!
You die...

Action                   |  1- 3 |  4- 6 || total
-------------------------+-------+-------++-------
Melee: Short sword       |       |     3 ||     3
 Cast: Magic Dart        |   104 |   119 ||   223
       Repel Missiles    |     1 |       ||     1
       Mephitic Cloud    |       |     2 ||     2
       Conjure Flame     |       |     1 ||     1
  Use: Scroll            |     1 |       ||     1
       Potion            |     1 |       ||     1
  Eat: Chunk             |     3 |     5 ||     8

Vault maps used:
D:1:      evilmike_arrival_crescent
D:2:      ecumenical_altar_1, nicolae_dithmenos_through_a_glass_darkly
D:4:      kennysheep_spiral_hall, first_bread
D:5:      basic_altar, nrook_loot_triangle, uniq_sigmund, uniq_menkaure
D:6:      serial_shops, shop

Notes
Turn   | Place    | Note
--------------------------------------------------------------
     0 | D:1      | DanteCalvez the Deep Elf Wizard began the quest for the Orb.
     0 | D:1      | Reached XP level 1. HP: 10/10 MP: 7/7
   273 | D:1      | Reached XP level 2. HP: 10/15 MP: 3/9
   277 | D:1      | Learned a level 2 spell: Call Imp
   280 | D:1      | Learned a level 2 spell: Blink
   283 | D:1      | Learned a level 2 spell: Repel Missiles
   522 | D:1      | Reached skill level 2 in Conjurations
   531 | D:1      | Reached skill level 5 in Spellcasting
  1078 | D:1      | Reached XP level 3. HP: 19/19 MP: 8/11
  1224 | D:2      | Found a faded altar to an unknown god.
  1273 | D:2      | You fall through a shaft!
  1904 | D:4      | Reached XP level 4. HP: 24/24 MP: 9/13
  2003 | D:4      | Reached skill level 6 in Spellcasting
  2003 | D:4      | Reached skill level 3 in Conjurations
  2029 | D:4      | HP: 2/24 [poisoned by a worker ant]
  2537 | D:4      | Reached XP level 5. HP: 28/28 MP: 9/16
  2561 | D:4      | Learned a level 3 spell: Conjure Flame
  2565 | D:4      | Learned a level 3 spell: Mephitic Cloud
  3437 | D:5      | Entered Level 5 of the Dungeon
  3456 | D:5      | Reached skill level 7 in Spellcasting
  3456 | D:5      | Reached skill level 4 in Conjurations
  3456 | D:5      | Reached skill level 2 in Summonings
  3484 | D:5      | Reached XP level 6. HP: 32/32 MP: 14/18
  3491 | D:5      | Reached skill level 2 in Translocations
  3494 | D:5      | Found an opulent altar of Gozag.
  3522 | D:5      | Noticed Sigmund
  3613 | D:5      | Noticed a sky beast
  3613 | D:5      | Killed Sigmund
  3613 | D:5      | Reached skill level 3 in Summonings
  3725 | D:6      | Noticed a hill giant
  3748 | D:6      | Demolished by a hill giant

Vanquished Creatures
  Sigmund (D:5)
  A crimson imp (D:5)
  A giant frog skeleton (D:4)
  A hound (D:4)
  An orc wizard (D:5)
  An iguana (D:4)
  2 worker ants (D:4)
  3 adders
  A gnoll (D:6)
  2 oozes
  2 worms (D:3)
  A giant gecko (D:4)
  5 orcs
  3 ball pythons
  3 giant cockroaches (D:1)
  6 goblins
  4 hobgoblins
  5 kobolds
  7 bats
  A giant gecko skeleton (D:4)
  A giant newt (D:3)
  7 jackals
  A jackal skeleton (D:4)
  A quokka skeleton (D:4)
  4 rats (D:1)
65 creatures vanquished.
